 Dungeon Crawl Stone Soup version 0.26-a0-812-g31a745ddcd (webtiles) character file.

Game seed: 3306334330348646030

231 Borgoz the Ducker (level 6, -2/51 HPs)
             Began as a Ghoul Gladiator on Dec 7, 2020.
             Slain by a scorpion (3 damage)
             ... while paralysed
             ... on level 3 of the Dungeon.
             The game lasted 00:03:16 (3599 turns).

Borgoz the Ducker (Ghoul Gladiator)                 Turns: 3599, Time: 00:03:16

Health: -2/51      AC:  4    Str: 15 (18) XL:     6   Next: 4%
Magic:  5/5        EV:  2    Int:  0 (3)  God:
Gold:   113        SH:  0    Dex: 10 (12) Spells: 5/5 levels left

rFire    . . .     SeeInvis .   a - +0 quarterstaff
rCold    + . .     Faith    .   (shield currently unavailable)
rNeg     + + +     Spirit   .   b - +0 leather armour
rPois    ∞         Reflect  .   c - +0 helmet
rElec    .         Harm     .   (no cloak)
rCorr    .         Rampage  .   (no gloves)
MR       .....                  (no boots)
Stlth    +.........             (no amulet)
HPRegen  0.00/turn              i - ring of flight
MPRegen  0.09/turn              (no ring)

@: paralysed, slowed, lost intelligence
A: rotting body, claws 1, cold resistance 1, negative energy resistance 3,
inhibited regeneration, torment resistance, unbreathing
a: Evoke Flight


You were on level 3 of the Dungeon.
You visited 1 branch of the dungeon, and saw 4 of its levels.

You collected 113 gold pieces.

Inventory:

Hand Weapons
 a - a +0 quarterstaff (weapon)
Armour
 b - a +0 leather armour (worn)
 c - a +0 helmet (worn)
Jewellery
 i - a ring of flight (left claw)
Wands
 m - a wand of paralysis (12)
 o - a wand of flame (13)
Scrolls
 e - 3 scrolls of remove curse {unknown}
 f - a scroll of identify {unknown}
 g - 2 scrolls of teleportation {unknown}
 j - a scroll of fear {unknown}
 k - a scroll of enchant weapon {unknown}
 l - a scroll of magic mapping {unknown}
 p - a scroll of blinking {unknown}
 q - a scroll of amnesia {unknown}
Potions
 h - 2 potions of lignification {unknown}
 n - 2 potions of degeneration
 r - 2 potions of curing {unknown}
 s - a potion of berserk rage {unknown}
 t - 2 potions of flight {unknown}
 u - a potion of ambrosia {unknown}
 v - 2 potions of magic {unknown}
 w - a potion of might {unknown}


   Skills:
 + Level 3.5 Fighting
 * Level 4.2 Staves
 - Level 1.7 Throwing
 * Level 4.3 Dodging


You had 5 spell levels left.
You didn't know any spells.
Your spell library was empty.

Dungeon Overview and Level Annotations

Branches:
Dungeon (4/15)
 Temple: D:4-7

Altars:
Hepliaklqana
Yredelemnul
Zin
The Shining One


Innate Abilities, Weirdness & Mutations

Your body is rotting away.
You thrive by killing the living.
You are immune to poison.
You have sharp fingernails.
Your flesh is cold resistant. (rC+)
You are immune to negative energy. (rN+++)
You do not regenerate when monsters are visible.
You are immune to unholy pain and torment.
You can survive without breathing.


Message History

The scorpion stings you but does no damage.
Throwing (i - inventory)
d - 2 throwing nets (quivered)
Press: ? - help, Shift-Dir - straight line, f/p - scorpion
Aim: a scorpion (almost dead)
You throw a throwing net.
The throwing net barely misses the scorpion.
The scorpion barely misses you.
Throwing (i - inventory)
d - a throwing net (quivered)
Press: ? - help, Shift-Dir - straight line, f/p - scorpion
Aim: a scorpion (almost dead)
You throw a throwing net.
The throwing net closely misses the scorpion.
The scorpion stings you.
* * * LOW HITPOINT WARNING * * *
It was a potion of degeneration.
There was something very wrong with that liquid.
You feel weakened.
You feel dopey.
You have lost your intelligence.
You feel clumsy. The scorpion stings you.
You die...

)......###.........####
)......#######........#
..........####.)......#
.........).†.(.(......#
.########.###..)).....#
...# ##..# #(........#
##.# #..####..(......#
##.# #.####..#s.######
##)####.##...##†@#
##......#.......##
##.........####.#
.........### #.#
...........# #.#
##.......#.####.#
.........#....#.#
.........####...#
...(##...# ##..#


You could see a scorpion.

Vanquished Creatures
  An orc wizard (D:3)
  A hound zombie (D:3)
  8 adders
  4 oozes
  2 worms (D:2)
  4 dart slugs
  5 leopard geckos
  8 orcs
  5 giant cockroaches
  6 goblins
  9 hobgoblins
  4 jackals
  A quokka (D:3)
  A ball python (D:3)
  6 bats
  6 frilled lizards
  7 kobolds
  2 rats
80 creatures vanquished.

Notes
Turn   | Place    | Note
-------+----------+-------------------------------------------
     0 | D:1      | Borgoz the Ghoul Gladiator began the quest for the Orb.
     0 | D:1      | Reached XP level 1. HP: 17/17 MP: 0/0
   182 | D:1      | Reached XP level 2. HP: 25/25 MP: 1/1
   614 | D:1      | Reached XP level 3. HP: 29/30 MP: 2/2
   875 | D:2      | Found a basalt altar of Yredelemnul.
  1265 | D:2      | Reached XP level 4. HP: 37/37 MP: 3/3
  1416 | D:2      | Found a hazy altar of Hepliaklqana.
  1666 | D:2      | Found a glowing silver altar of Zin.
  2241 | D:2      | Reached XP level 5. HP: 36/45 MP: 4/4
  2912 | D:3      | Found a faded altar of an unknown god.
  3047 | D:3      | Reached XP level 6. HP: 39/51 MP: 5/5
  3321 | D:3      | Found a glowing golden altar of the Shining One.
  3598 | D:3      | HP: 1/51 [scorpion (2)]
  3599 | D:3      | Lost intelligence.
  3599 | D:3      | Slain by a scorpion

Illustrated notes

Levels and vault maps discovered:
D:1:      mrwooster_arrival_arrow, layout_basic, minmay_misc_feat_iff
D:2:      layout_loops_ring, marbit_many_paths, lemuel_coloured_pillars_altar,
          zin_treasury, st_stairs_13, chequers_serial_rivers_large_b
D:3:      layout_rooms, tso_oasis_becter, chequers_ecumenical_altar_twisty
D:4:      layout_rooms, uniq_sigmund

Skill      XL: |  1  2  3  4  5 |
---------------+----------------+-----
Staves         | 3 4 |  4.2
Dodging        | 3 4 |  4.3
Fighting       | 3 |  3.5
Throwing       | |  1.7

Action                   |  1- 3 |  4- 6 || total
-------------------------+-------+-------++-------
Melee: Quarterstaff      |   121 |   206 ||   327
Throw: Throwing net      |       |     3 ||     3
  Use: Potion            |       |     1 ||     1
Armor: Leather armour    |    53 |    56 ||   109
Dodge: Dodged            |    91 |   175 ||   266

Table legend: (Time is in decaauts)
 A = Elapsed time spent in this place.
 B = Non-inter-level travel time spent in this place.
 C = Inter-level travel time spent in this place.
 D = Time resting spent in this place.
 E = Time spent auto-exploring this place.
 F = Levels seen in this place.
 G = Mean time per level.
                   A        B        C        D        E       F      G
               +--------+--------+--------+--------+--------+-----+--------+
         Total |   3686 |   3596 |     90 |   1314 |   1647 |   4 |  921.5 |
       Dungeon |   3686 |   3596 |     90 |   1314 |   1647 |   4 |  921.5 |
               +--------+--------+--------+--------+--------+-----+--------+

Top non-repeatable levels by time:
     D:2: 1576 daAuts
     D:3: 1308 daAuts
     D:1: 791 daAuts
     D:4: 9 daAuts
